 Dungeon Crawl Stone Soup version 0.30-a0-585-g93115170b9 (webtiles) character file.

Game seed: 4327669613750869162

1653 sokol815 the Basher (level 9, -10/54 HPs)
             Began as an Octopode Brigand on Jan 2, 2023.
             Was an Initiate of Gozag.
             Mangled by an orc warrior
             ... wielding a +0 glaive
              (20 damage)
             ... on level 7 of the Dungeon.
             The game lasted 00:09:34 (5389 turns).

sokol815 the Basher (Octopode Brigand)              Turns: 5389, Time: 00:09:34

Health: -10/54     AC:  1    Str: 10    XL:     9   Next: 0%
Magic:  9/9        EV: 13    Int: 13    God:    Gozag
Gold:   469        SH:  0    Dex: 18    Spells: 8/8 levels left

rFire   . . .      SeeInvis .    a - +4 club (spect)
rCold   + . .      Faith    .    (no shield)
rNeg    . . .      Spirit   .    (helmet restricted)
rPois   +          Reflect  .    (no amulet)
rElec   .          Harm     .    C - ring of protection from cold {rC+, !d}
rCorr   .          Rampage  .    P - ring of poison resistance {rPois, !d}
Will    .....                    (no ring)
Stlth   ++++                     (no ring)
HPRegen 0.29/turn                (no ring)
MPRegen 0.11/turn                (no ring)
                                 (no ring)
                                 (no ring)

@: no status effects
A: almost no armour, amphibious, 8 rings, camouflage 1, gelatinous body 1,
(nimble swimmer 1), tentacles
a: Renounce Religion, Potion Petition, Call Merchant, Bribe Branch


You were on level 7 of the Dungeon.
You worshipped Gozag.
Gozag was aware of your devotion.
You visited 2 branches of the dungeon, and saw 8 of its levels.

You collected 509 gold pieces.
You paid 40 gold pieces to Gozag.

Inventory:

Hand Weapons
 a - a +4 spectral club (weapon)
   (You took it off Jessica on level 3 of the Dungeon)
 b - the +10 morningstar "Eos" {elec, Halo rElec}
   (You found it on level 3 of the Dungeon)

   It occasionally discharges a powerful burst of electricity upon striking a
   foe.
   It grants its wielder a halo, revealing invisible creatures and increasing
   accuracy against all within it other than the wielder.
   rElec:     It insulates you from electricity.
 o - a +2 dagger
 p - a +2 dagger of speed
   (You took it off a goblin on level 3 of the Dungeon)
Missiles
 c - 3 curare-tipped darts
 g - 12 javelins
 h - 10 boomerangs of dispersal {=f}
 l - 12 boomerangs
 r - 9 poisoned darts
 s - 41 stones
 v - 6 silver boomerangs
Jewellery
 C - a ring of protection from cold (left tentacle) {rC+, !d}
   (You found it on level 4 of the Dungeon)
 P - a ring of poison resistance (right tentacle) {rPois, !d}
   (You found it on level 5 of the Dungeon)
Wands
 j - a wand of polymorph (9)
   (You found it on level 4 of the Dungeon)
 q - a wand of flame (5)
   (You found it on level 6 of the Dungeon)
Scrolls
 d - a scroll of fog
 X - 2 scrolls of magic mapping {@r4!r}
 Y - a scroll of teleportation {@r3}
Potions
 k - a potion of attraction {unknown}
 G - 2 potions of ambrosia {!q}
 J - a potion of curing {@q1}
 L - a potion of flight
 N - 2 potions of heal wounds {@q2}
 R - a potion of resistance


   Skills:
 - Level 2.0 Fighting
 - Level 4.5 Short Blades
 * Level 10.2 Maces & Flails
 - Level 2.0 Throwing
 - Level 1.0 Dodging
 - Level 5.3 Stealth


You had 8 spell levels left.
You didn't know any spells.
Your spell library contained the following spells:

 Spells                   Type           Power      Damage    Failure   Level
 Ignite Poison            Fire/Tmut/Pois 0%         N/A       67%         3
 Kindle Blastsparks       Fire/Tloc/Air  0%         2d10      67%         3
 Freezing Cloud           Conj/Ice/Air   0%         6-21      100%        5


Dungeon Overview and Level Annotations

Branches:
Dungeon (7/15) Zot: 26911  Temple (1/1) D:5 Zot: 5923

Altars:
Cheibriados
Dithmenos
Elyvilon
Gozag
Kikubaaqudgha
Makhleb
Nemelex Xobeh
Qazlal
Sif Muna
Trog
Uskayaw
Vehumet
Wu Jian
Xom
Yredelemnul
Zin
The Shining One

Annotations:
D:3 Grinder
D:4 1 runed translucent door, Crazy Yiuf


Innate Abilities, Weirdness & Mutations

You cannot wear most types of armour.
You are amphibious.
You can wear up to eight rings at the same time.
Your skin changes colour to match your surroundings (Stealth+).
Your rubbery body absorbs attacks. (AC +1, EV +1)
((You are camouflaged when in or above water. (Stealth+)))
You have tentacles for arms and can constrict up to eight enemies at once.


Message History

The rat is distracted by your dazzling golden aura.
You swing at nothing.
You hit the rat.
You kill the rat!
You swing at nothing.
You swing at nothing.
You swing at nothing.
You swing at nothing.
The rat is no longer distracted by gold.
You barely miss the rat. You grab the rat. You squeeze the rat.
You kill the rat!
You have reached level 9!
Your experience leads to an increase in your attributes!
Increase (s)trength, (i)ntelligence, or (d)exterity?
You feel agile. x2
You regained 2 hp, and now have 25/54 hp.
MP restored: 9 You now have enough gold to petition Gozag for potion effects.
You now have 452 gold pieces (gained 120).
s - 41 stones (gained 3)
d - a scroll of fog Done exploring.
Health restored: 54 Done exploring.
(D) Dungeon (T) Temple
Where to? (Enter - D:6, ? - help)
There is a stone staircase leading down here.
You climb downwards.
There is a stone staircase leading up here.
There are monsters nearby!
An orc comes into view. It is wielding a +0 falchion.
The orc shouts!
The orc warrior shouts!
The orc shouts!
The orc warrior hits you from afar with a +0 glaive!
You take 14 damage, and have 40/54 hp.
MASSIVE DAMAGE!!
There is a stone staircase leading up here.
The orc warrior closely misses you.
You climb upwards.
There is a stone staircase leading down here.
You start resting.
Health restored: 54 You climb downwards.
The orc closely misses you.
The orc shouts!
There is a stone staircase leading up here.
The orc closely misses you. The orc barely misses you.
The orc warrior hits you from afar with a +0 glaive.
The orc closely misses you.
You climb upwards.
There is a stone staircase leading down here.
You take 6 damage, and have 48/54 hp.
You hit the orc. You grab the orc. You squeeze the orc, but do no damage.
You constrict the orc. The orc hits you with a +0 club.
The orc barely misses you.
You take 2 damage, and have 46/54 hp.
You hit the orc.
You kill the orc!
You hit the orc. You grab the orc. You squeeze the orc.
You kill the orc!
You closely miss the orc. You grab the orc. You squeeze the orc.
Your +4 spectral club hits the orc!
You kill the orc!
No target in view!
No target in view!
No target in view!
No target in view!
You swap places.
You now have 464 gold pieces (gained 12).
Things that are here:
a +0 club; a +0 falchion You now have 469 gold pieces (gained 5).
You see here a +0 club.
You start resting.
Health restored: 54
There is a stone staircase leading down here.
You climb downwards.
The orc warrior barely misses you.
The orc warrior hits you with a +0 glaive!!
There is a stone staircase leading up, spattered with blood here.
You take 20 damage, and have 34/54 hp.
MASSIVE DAMAGE!!
You barely miss the orc warrior. Your grab misses the orc warrior.
You squeeze the orc warrior.
Your +4 spectral club hits the orc warrior but does no damage.
You hit the orc warrior but do no damage.
Your grab misses the orc warrior.
Your +4 spectral club hits the orc warrior!
The orc warrior hits you with a +0 glaive!
You take 17 damage, and have 17/54 hp.
MASSIVE DAMAGE!!
You barely miss the orc warrior. You grab the orc warrior.
Your +4 spectral club hits the orc warrior.
You constrict the orc warrior.
The orc warrior hits you with a +0 glaive!
* * * LOW HITPOINT WARNING * * *
You take 8 damage, and have 9/54 hp.
You hit the orc warrior. You squeeze the orc warrior.
Your +4 spectral club hits the orc warrior but does no damage.
You constrict the orc warrior, but do no damage.
The orc warrior hits you with a +0 glaive!!
You die...
Your body crumbles into a pile of gold.

..... .... ...
#..
#####..########
..............#
#......#......#
#.o@.....#
.$.....#(.....#
#.#.####......#
# #.###### ..#
###


You could see an orc warrior and a friendly +4 spectral club (summoned).

Vanquished Creatures
  2 water moccasins (D:6)
  2 sky beasts (D:6)
  An ogre (D:6)
  2 centaurs (D:6)
  A phantom (D:4)
  A necrophage (D:6)
  2 scorpions
  6 killer bees (D:5)
  A howler monkey (D:4)
  2 hounds
  Jessica (D:3)
  4 iguanas
  7 gnolls
  8 adders
  5 river rats (D:6)
  A white imp (D:5)
  An ufetubus (D:5)
  3 worms
  A dart slug (D:4)
  5 orcs
  5 bats
  5 endoplasms
  3 giant cockroaches
  5 goblins
  4 hobgoblins
  11 jackals
  4 quokkas
  2 ball pythons
  5 frilled lizards
  6 kobolds
  25 rats
131 creatures vanquished.

Notes
Turn   | Place    | Note
-------+----------+-------------------------------------------
     0 | D:1      | sokol815 the Octopode Brigand began the quest for the Orb.
     0 | D:1      | Reached XP level 1. HP: 14/14 MP: 1/1
   177 | D:1      | Reached XP level 2. HP: 13/19 MP: 2/2
   382 | D:1      | Reached skill level 3 in Short Blades
   829 | D:2      | Reached XP level 3. HP: 24/24 MP: 3/3
   978 | D:2      | Found a faded altar of an unknown god.
  1007 | D:2      | Reached skill level 4 in Short Blades
  1011 | D:2      | Reached XP level 4. HP: 13/29 MP: 4/4
  1017 | D:2      | HP: 7/29 [poisoned by an adder]
  1017 | D:2      | HP: 3/29 [gnoll/+0 club (4)]
  1023 | D:2      | HP: 3/29 [gnoll/+0 club (8)]
  1385 | D:3      | Found the +10 morningstar "Eos" {elec, Halo rElec}
  1473 | D:3      | Found a bloodstained altar of Trog.
  1473 | D:3      | Found an ornate altar of the Wu Jian Council.
  1492 | D:3      | Found a glowing golden altar of the Shining One.
  1494 | D:3      | Found a faded altar of an unknown god.
  1496 | D:3      | Found a snail-covered altar of Cheibriados.
  1756 | D:3      | Reached skill level 1 in Maces & Flails
  1762 | D:3      | Noticed Jessica
  1764 | D:3      | Killed Jessica
  1765 | D:3      | Reached skill level 2 in Maces & Flails
  1765 | D:3      | Reached XP level 5. HP: 34/34 MP: 5/5
  2036 | D:3      | Reached skill level 3 in Maces & Flails
  2375 | D:3      | Noticed Grinder
  2731 | D:4      | Reached XP level 6. HP: 35/39 MP: 6/6
  2802 | D:4      | Found an ancient bone altar of Kikubaaqudgha.
  2804 | D:4      | Reached skill level 4 in Maces & Flails
  3046 | D:4      | Found a runed translucent door.
  3047 | D:4      | Noticed Crazy Yiuf
  3389 | D:5      | Entered Level 5 of the Dungeon
  3407 | D:5      | Found a staircase to the Ecumenical Temple.
  3421 | Temple   | Entered the Ecumenical Temple
  3487 | Temple   | Became a worshipper of Gozag Ym Sagoz the Greedy
  3525 | D:5      | Reached skill level 5 in Maces & Flails
  3646 | D:5      | Reached XP level 7. HP: 39/45 MP: 7/7
  3702 | D:5      | Reached skill level 6 in Maces & Flails
  3714 | D:5      | Reached skill level 7 in Maces & Flails
  4347 | D:6      | Found a sparkling altar of Nemelex Xobeh.
  4368 | D:6      | Reached XP level 8. HP: 43/50 MP: 8/8
  4455 | D:6      | Reached skill level 8 in Maces & Flails
  4783 | D:6      | Reached skill level 9 in Maces & Flails
  5007 | D:6      | Reached skill level 10 in Maces & Flails
  5172 | D:6      | Reached XP level 9. HP: 25/54 MP: 9/9
  5388 | D:7      | HP: 9/54 [orc warrior/+0 glaive (8)]
  5389 | D:7      | Mangled by an orc warrior

Illustrated notes

Levels and vault maps discovered:
D:1:      shiori_shiawase, layout_basic
D:2:      layout_basic, chequers_ecumenical_altar_twisty, hex_medium,
          minivault_23
D:3:      layout_loops_corners, chequers_temple_overflow_minitemple,
          uniq_jessica, uniq_grinder
D:4:      layout_loops_ring, mainiacjoe_overflow_brackets,
          uniq_crazy_yiuf_cottage
D:5:      layout_loops_ring, minmay_temple_entry_stoned_glass
D:6:      layout_basic, overflow_temple_1_default, dk_rats_in_the_wall
D:7:      layout_loops_cross, uniq_maggie
Temple:   nicolae_temple_two_arcs

Skill      XL: |  1  2  3  4  5  6  7  8 |
---------------+-------------------------+-----
Short Blades   | 3 4 |  4.5
Maces & Flails | 2 3 5 7 10 | 10.2
Fighting       | |  2.0
Throwing       | |  2.0
Dodging        | |  1.0
Stealth        | |  5.3

Action                   |  1- 3 |  4- 6 |  7- 9 || total
-------------------------+-------+-------+-------++-------
Melee: Dagger            |    56 |    17 |       ||    73
       Constrict         |    14 |    30 |    27 ||    71
       Tentacles         |    12 |    25 |    22 ||    59
       Morningstar       |       |    12 |       ||    12
       Club              |       |    71 |   103 ||   174
       Punch             |       |     4 |     1 ||     5
Throw: Stone             |     4 |       |       ||     4
  Use: Potion            |       |     1 |     1 ||     2
       Scroll            |       |       |    13 ||    13
 Stab: Sleeping          |     8 |     9 |     6 ||    23
       Distracted        |     1 |     1 |     2 ||     4
Armor: Skin              |     2 |    13 |     3 ||    18
Dodge: Dodged            |    21 |    56 |    52 ||   129

Table legend: (Time is in decaauts)
 A = Elapsed time spent in this place.
 B = Non-inter-level travel time spent in this place.
 C = Inter-level travel time spent in this place.
 D = Time resting spent in this place.
 E = Time spent auto-exploring this place.
 F = Levels seen in this place.
 G = Mean time per level.
                   A        B        C        D        E       F      G
               +--------+--------+--------+--------+--------+-----+--------+
         Total |   5374 |   5165 |    209 |    594 |   3803 |   8 |  671.8 |
       Dungeon |   5297 |   5108 |    189 |    594 |   3753 |   7 |  756.7 |
        Temple |     76 |     56 |     20 |      0 |     50 |   1 |   76.0 |
               +--------+--------+--------+--------+--------+-----+--------+

Top non-repeatable levels by time:
     D:3: 1242 daAuts
     D:6: 1061 daAuts
     D:5: 836 daAuts
     D:4: 776 daAuts
     D:1: 746 daAuts
     D:2: 623 daAuts
  Temple: 76 daAuts
     D:7: 10 daAuts

Table legend:
 A = Kills in this place as a percentage of kills in entire the game.
 B = Kills by you in this place as a percentage of kills by you in the entire game.
 C = Kills by friends in this place as a percentage of kills by friends in the entire game.
 D = Other kills in this place as a percentage of other kills in the entire game.
 E = Experience gained in this place as a percentage of experience gained in the entire game.
 F = Experience gained in this place divided by the number of levels of this place that you have seen.
                   A       B       C       D       E      F
               +-------+-------+-------+-------+-------+----------------------
         Total | 100.0 | 100.0 |   N/A |   N/A | 100.0 | 295.2
       Dungeon | 100.0 | 100.0 |   N/A |   N/A | 100.0 | 337.4
               +-------+-------+-------+-------+-------+----------------------
